 Dungeon Crawl Stone Soup version 0.31-a0-1611-g890cdf5628 (webtiles) character file.

Game seed: 16534566908480564410

88 bicepts the Ruffian (level 4, -3/45 HPs)
             Began as a Troll Berserker on Jan 8, 2024.
             Was a Believer of Trog.
             Slain by a gnoll
             ... wielding a +0 halberd
              (14 damage)
             ... on level 2 of the Dungeon.
             The game lasted 00:27:44 (1333 turns).

bicepts the Ruffian (Troll Berserker)               Turns: 1333, Time: 00:27:45

Health: -3/45      AC:  4    Str: 27    XL:     4   Next: 29%
Magic:  3/3        EV: 10    Int:  9    God:    Trog [**....]
Gold:   91         SH:  0    Dex:  9    Spells: 3/3 levels left

rFire   . . .        g - +0 hand axe
rCold   . . .        (no shield)
rNeg    . . .        b - +0 robe
rPois   .            (helmet restricted)
rElec   .            (no cloak)
rCorr   .            (gloves unavailable)
SInv    .            (boots unavailable)
Will    .....        (no amulet)
Stlth   +            c - +6 ring of intelligence
HPRegen 1.07/turn    (no ring)
MPRegen 0.08/turn

%: no passive effects
@: no status effects
A: large, unfitting armour, claws 3, regeneration 1, shaggy fur 1, tough skin 1
a: Renounce Religion, Berserk, Trog's Hand


You were on level 2 of the Dungeon.
You worshipped Trog.
Trog was pleased with you.
You visited 1 branch of the dungeon, and saw 2 of its levels.

You collected 91 gold pieces.

Inventory:

Hand Weapons
 d - a +0 short sword
 f - a +0 whip
 g - a +0 hand axe (weapon)
 h - a +0 sling
 l - a +0 spear
 o - a +0 club
Missiles
 k - 4 stones
Armour
 b - a +0 robe (worn)
Jewellery
 c - a +6 ring of intelligence (left claw)
 i - a ring of fire
Scrolls
 e - a scroll of butterflies


   Skills:
 + Level 3.0 Fighting
 + Level 1.0 Axes
 + Level 2.9 Dodging
 + Level 3.8 Unarmed Combat


You had 3 spell levels left.
You didn't know any spells.
Your spell library contained the following spells:

 Spells                   Type           Power      Damage    Failure   Level
 Freeze                   Ice            0%         1d3       38%         1
 Frozen Ramparts          Ice            0%         1d1       77%         3
 Hailstorm                Conj/Ice       0%         3d5       77%         3


Dungeon Overview and Level Annotations

Branches:
Dungeon (2/15)

Altars:


Innate Abilities, Weirdness & Mutations

You are too large for most types of armour.
You have claws for hands.
Your natural rate of healing is unusually fast.
You are covered in fur. (AC +1)
You have tough skin. (AC +1)


Message History

You climb downwards.
The gnoll closely misses you. The gnoll barely misses you.
There is a stone staircase leading up, spattered with blood here.
You closely miss the gnoll.
The gnoll is severely wounded.
The gnoll barely misses you.
You hit the gnoll.
You kill the gnoll!
Trog accepts your kill. The gnoll closely misses you.
The gnoll closely misses you. x2
You climb upwards.
There is a stone staircase leading down here.
You climb downwards.
There is a stone staircase leading up, spattered with blood here.
The gnoll barely misses you.
The gnoll hits you from afar with a +0 halberd.
You see here a +0 club.
The gnoll barely misses you. x2
The gnoll hits you from afar with a +0 spear.
The gnoll attacks as it pursues you! The gnoll misses you.
The gnoll attacks as it pursues you! The gnoll closely misses you.
The gnoll barely misses you. x2
You hit the gnoll but do no damage. You claw the gnoll!
You kill the gnoll!
Trog accepts your kill. The gnoll closely misses you.
Your Axes skill increases to level 1!
The gnoll hits you with a +0 halberd!
You see here a +0 spear.
You closely miss the gnoll. The gnoll hits you with a +0 halberd.
You closely miss the gnoll. The gnoll closely misses you.
The gnoll hits you with a +0 halberd!
You barely miss the gnoll. The gnoll misses you.
You closely miss the gnoll. The gnoll hits you with a +0 halberd.
* * * LOW HITPOINT WARNING * * *
The gnoll hits you from afar with a +0 halberd.
* * * LOW HITPOINT WARNING * * *
The gnoll attacks as it pursues you!
The gnoll hits you from afar with a +0 halberd!
You die...

####### #.....# #.....#
#.....####################
####.......@.g..)<.......#
#.[..#######..........#
########....## #..........###
#........##..# #..........g..
#........###.###..........###
#........# #..##.......<..#
#........####.............#
#............###..........#
#........###..#######.>..##


You could see a gnoll.

Vanquished Creatures
  3 gnolls (D:2)
  3 adders (D:2)
  A dart slug (D:1)
  3 bats
  6 endoplasms
  2 giant cockroaches (D:2)
  2 goblins (D:2)
  A hobgoblin (D:1)
  2 ball pythons (D:2)
  A frilled lizard (D:1)
  2 kobolds
  6 rats
32 creatures vanquished.

Notes
Turn   | Place    | Note
-------+----------+-------------------------------------------
     0 | D:1      | bicepts the Troll Berserker began the quest for the Orb.
     0 | D:1      | Reached XP level 1. HP: 22/22 MP: 0/0
   291 | D:1      | Reached XP level 2. HP: 29/29 MP: 1/1
   638 | D:2      | Reached XP level 3. HP: 31/36 MP: 2/2
   928 | D:2      | Reached ** piety under Trog
  1167 | D:2      | Reached XP level 4. HP: 45/45 MP: 3/3
  1327 | D:2      | Reached skill level 1 in Axes
  1333 | D:2      | Slain by a gnoll

Illustrated notes

Levels and vault maps discovered:
D:1:      minmay_arrival_jagged, layout_basic, chequers_serial_rivers_micro_b
D:2:      layout_rooms

Skill      XL: |  1  2  3  4 |
---------------+-------------+-----
Fighting       | 3 |  3.0
Axes           | 1 |  1.0
Dodging        | |  2.9
Unarmed Combat | |  3.8

Action                     |  1- 3 |  4- 6 || total
---------------------------+-------+-------++-------
  Melee: Unarmed           |    10 |       ||    10
         Hand axe          |    66 |    19 ||    85
         Spear             |    16 |       ||    16
         Punch             |     6 |     2 ||     8
  Throw: Stone             |     1 |       ||     1
    Use: Scroll            |     4 |       ||     4
         Potion            |     1 |       ||     1
 Armour: Animal skin       |    57 |       ||    57
         Robe              |    10 |    30 ||    40
  Dodge: Dodged            |    64 |    32 ||    96

Table legend: (Time is in decaauts)
 A = Elapsed time spent in this place.
 B = Non-inter-level travel time spent in this place.
 C = Inter-level travel time spent in this place.
 D = Time resting spent in this place.
 E = Time spent auto-exploring this place.
 F = Levels seen in this place.
 G = Mean time per level.
                   A        B        C        D        E       F      G
               +--------+--------+--------+--------+--------+-----+--------+
         Total |   1356 |    548 |    808 |      7 |      0 |   2 |  678.0 |
       Dungeon |   1356 |    548 |    808 |      7 |      0 |   2 |  678.0 |
               +--------+--------+--------+--------+--------+-----+--------+

Top non-repeatable levels by time:
     D:1: 692 daAuts
     D:2: 663 daAuts
